 Dungeon Crawl Stone Soup version 0.26-a0-639-g72c4674329 (webtiles) character file.

Game seed: 4173746848388022340

(classic levelgen) 536 EnegeticOcto the Chopper (level 7, -1/64 HPs)
             Began as a Deep Dwarf Fighter on Sept 28, 2020.
             Slain by an ogre
             ... wielding a +0 giant spiked club
              (23 damage)
             ... on level 4 of the Dungeon.
             The game lasted 00:00:51 (1588 turns).

EnegeticOcto the Chopper (Deep Dwarf Fighter)       Turns: 1588, Time: 00:00:51

Health: -1/64      AC:  8    Str: 21    XL:     7   Next: 4%
Magic:  7/7        EV:  7    Int:  9    God:
Gold:   64         SH: 10    Dex: 12    Spells: 6/6 levels left

rFire    . . .     SeeInvis +   a - +0 war axe
rCold    . . .     Faith    .   c - +0 kite shield
rNeg     . . .     Spirit   .   b - +0 scale mail
rPois    .         Reflect  .   m - +0 helmet
rElec    .         Harm     .   (no cloak)
rCorr    .         Rampage  .   (no gloves)
MR       +....                  (no boots)
Stlth    ..........             (no amulet)
HPRegen  0.00/turn              f - ring of see invisible
MPRegen  0.10/turn              (no ring)

@: non-regenerating
A: damage resistance, heal wounds, sense surroundings 1, no regeneration
a: Heal Wounds


You were on level 4 of the Dungeon.
You visited 1 branch of the dungeon, and saw 4 of its levels.

You collected 64 gold pieces.

Inventory:

Hand Weapons
 a - a +0 war axe (weapon)
Armour
 b - a +0 scale mail (worn)
 c - a +0 kite shield (worn)
 m - a +0 helmet (worn)
Jewellery
 f - a ring of see invisible (left hand)
Wands
 q - a wand of digging (5) {@v3}
Scrolls
 i - 2 scrolls of amnesia {unknown}
 k - a scroll of teleportation {unknown}
 l - a scroll of identify {unknown}
 n - a scroll of remove curse {unknown}
 p - a scroll of fear {unknown}
Potions
 d - a potion of might {@q3}
 e - 6 potions of curing {unknown}
 g - a potion of brilliance {unknown}
 h - a potion of heal wounds {unknown}
 j - 2 potions of degeneration {unknown}
 o - a potion of mutation {unknown}
 r - a potion of ambrosia {unknown}


   Skills:
 + Level 4.0 Fighting
 * Level 5.5 Axes
 + Level 4.9 Armour
 + Level 4.9 Shields


You had 6 spell levels left.
You didn't know any spells.
Your spell library was empty.

Dungeon Overview and Level Annotations

Branches:
Dungeon (4/15)
 Temple: D:4-7

Altars:

Shops:
D:4 (


Innate Abilities, Weirdness & Mutations

You are resistant to damage.
You can heal yourself by infusing magical energy.
You passively map a small area around you.
You do not regenerate.


Message History

You slash the orc wizard!
You kill the orc wizard!
No target in view!
No target in view!
No target in view!
No target in view!
No target in view!
No target in view!
You now have 64 gold pieces (gained 14).
Things that are here:
a +0 dagger; a +0 robe
Things that are here:
a +0 falchion; a +0 mace; an orc corpse
There is an open door here.
Found a stone staircase leading down.
e - 6 brown potions (gained 1)
You open the door.
There is an open door here.
There is an open door here.
There is an open door here.
Things that are here:
a +0 mace; a +0 chain mail
There is an open door here.
A quokka skeleton comes into view.
You barely miss the quokka skeleton.
The quokka skeleton bites you but does no damage.
You hit the quokka skeleton.
The quokka skeleton is moderately damaged.
You block the quokka skeleton's attack.
You hit the quokka skeleton.
The quokka skeleton is almost destroyed.
You block the quokka skeleton's attack. x2
You hit the quokka skeleton.
You destroy the quokka skeleton!
No target in view!
No target in view!
No target in view!
No target in view!
No target in view!
No target in view!
An ogre comes into view. It is wielding a +0 giant spiked club.
The ogre shouts!
An ogre is nearby!
An ogre is nearby!
An ogre is nearby!
You block the ogre's attack.
You slash the ogre!
The ogre is severely wounded.
The ogre barely misses you.
You hit the ogre.
The ogre is severely wounded.
The ogre barely misses you.
You hit the ogre but do no damage.
The ogre is severely wounded.
The ogre closely misses you.
You hit the ogre but do no damage.
The ogre is severely wounded.
The ogre hits you with a +0 giant spiked club.
You slash the ogre!
You kill the ogre!
Your Fighting skill increases to level 4!
You have reached level 7!
You see here a +0 giant spiked club.
You see here a +0 giant spiked club.
An ogre comes into view. It is wielding a +0 giant spiked club.
The ogre shouts!
An ogre is nearby!
An ogre is nearby!
An ogre is nearby!
An ogre is nearby!
An ogre is nearby!
An ogre is nearby!
An ogre is nearby!
You block the ogre's attack.
You hit the ogre.
The ogre is lightly wounded.
The ogre hits you but does no damage.
You slash the ogre!
The ogre is heavily wounded.
The ogre hits you with a +0 giant spiked club!
You hit the ogre.
The ogre is severely wounded.
You hit the ogre.
The ogre is almost dead.
The ogre hits you with a +0 giant spiked club!
You are too injured to fight recklessly!
You are too injured to fight recklessly!
You are too injured to fight recklessly!
You are too injured to fight recklessly!
You are too injured to fight recklessly!
You are too injured to fight recklessly!
You are too injured to fight recklessly!
You are too injured to fight recklessly!
You are too injured to fight recklessly!
You are too injured to fight recklessly!
You are too injured to fight recklessly!
You are too injured to fight recklessly!
You fail to use your ability.
The ogre hits you with a +0 giant spiked club!!
You die...

######### ........#
#..####.#
#..#.##.### **###
#.......... ..#
........## *** #.#
#.....#.# #.#
#..#.##.# #O#
........# #@#
####.#### #.# ##'##
#.# ##...## ##.#
##.<...## #####..#
#.......###......#
.)..)....##.#....#
.).......'.......##
.).......##.#.....#


You could see an ogre.

Vanquished Creatures
  An ice beast (D:4)
  An ogre (D:4)
  A howler monkey (D:4)
  2 hounds (D:4)
  3 orc wizards (D:4)
  4 worker ants (D:4)
  A worker ant zombie (D:4)
  2 adders
  A worm (D:2)
  A dart slug (D:1)
  A leopard gecko (D:1)
  11 orcs
  2 giant cockroaches
  3 hobgoblins
  3 jackals (D:4)
  4 bats
  2 frilled lizards
  A goblin (D:1)
  6 kobolds
  A quokka skeleton (D:4)
  3 rats
54 creatures vanquished.

Notes
Turn   | Place    | Note
-------+----------+-------------------------------------------
     0 | D:1      | EnegeticOcto the Deep Dwarf Fighter began the quest for the
                  | Orb.
     0 | D:1      | Reached XP level 1. HP: 20/20 MP: 1/1
   149 | D:1      | Reached XP level 2. HP: 27/27 MP: 2/2
   386 | D:3      | Reached skill level 3 in Axes
   386 | D:3      | Reached XP level 3. HP: 34/34 MP: 3/3
   786 | D:4      | Reached XP level 4. HP: 39/42 MP: 4/4
   859 | D:4      | Reached skill level 4 in Axes
   859 | D:4      | Reached XP level 5. HP: 33/49 MP: 5/5
  1181 | D:4      | Found Tuoch's Weapon Emporium.
  1273 | D:4      | Noticed an ice beast
  1289 | D:4      | Killed an ice beast
  1289 | D:4      | Reached XP level 6. HP: 27/57 MP: 6/6
  1293 | D:4      | Reached skill level 5 in Axes
  1540 | D:4      | Reached XP level 7. HP: 48/64 MP: 7/7
  1588 | D:4      | Slain by an ogre

Illustrated notes

Levels and vault maps discovered:
D:1:      onia_arrival_mini_spirals, layout_basic, serial_rivers,
          chequers_serial_rivers_small_a, chequers_serial_rivers_micro_b,
          chequers_serial_rivers_marsh, chequers_serial_rivers_large_b,
          chequers_serial_rivers_small_b, chequers_serial_rivers_small_b
D:2:      layout_basic, chequers_ecumenical_altar_simple, minmay_pentomino_z2
D:3:      layout_loops_corners, serial_bayou_ford_a, kennysheep_pointless_box,
          minmay_vboxes
D:4:      layout_loops_corners, serial_shops, nicolae_shop_behind_doors

Skill      XL: |  1  2  3  4  5  6 |
---------------+-------------------+-----
Fighting       | 3 4 |  4.0
Axes           | 3 4 5 |  5.5
Armour         | 4 |  4.9
Shields        | 4 |  4.9

Action                   |  1- 3 |  4- 6 |  7- 9 || total
-------------------------+-------+-------+-------++-------
Melee: War axe           |    94 |   121 |     4 ||   219
 Abil: Heal Wounds       |     1 |     3 |       ||     4
Armor: Scale mail        |    35 |    56 |     1 ||    92
Dodge: Dodged            |    33 |    32 |       ||    65
Block: Kite shield       |    42 |    72 |     1 ||   115

Table legend: (Time is in decaauts)
 A = Elapsed time spent in this place.
 B = Non-inter-level travel time spent in this place.
 C = Inter-level travel time spent in this place.
 D = Time resting spent in this place.
 E = Time spent auto-exploring this place.
 F = Levels seen in this place.
 G = Mean time per level.
                   A        B        C        D        E       F      G
               +--------+--------+--------+--------+--------+-----+--------+
         Total |   1672 |   1565 |    107 |      0 |   1114 |   4 |  418.0 |
       Dungeon |   1672 |   1565 |    107 |      0 |   1114 |   4 |  418.0 |
               +--------+--------+--------+--------+--------+-----+--------+

Top non-repeatable levels by time:
     D:4: 855 daAuts
     D:3: 419 daAuts
     D:1: 227 daAuts
     D:2: 169 daAuts
